 Dungeon Crawl Stone Soup version 0.30.0-21-gd299b56b3f (webtiles) character file.

Game seed: 9838022691871999327

18280 qw the Cleaver (level 12, -3/77 HPs)
             Began as a Gargoyle Fighter on June 2, 2023.
             Was an Elder of Okawaru.
             Slain by a black mamba (11 damage)
             ... on level 2 of the Lair of Beasts.
             The game lasted 00:05:32 (11886 turns).

qw the Cleaver (Gargoyle Fighter)                  Turns: 11886, Time: 00:05:32

Health: -3/77      AC: 32    Str: 25    XL:     12   Next: 56%
Magic:  18/18      EV:  9    Int:  9    God:    Okawaru [****..]
Gold:   467        SH:  6    Dex:  9    Spells: 11/11 levels left

rFire   . . .        Y - +2 broad axe (freeze)
rCold   . . .        c - +0 buckler
rNeg    + . .        q - +0 plate armour
rPois   inf          g - +1 helmet
rElec   +            (no cloak)
rCorr   .            o - +2 pair of gloves
SInv    .            j - -1 pair of boots of the Game of Life {rElec}
Will    .....        (no amulet) Stlth
                     (no ring)
HPRegen 0.32/turn    (no ring)
MPRegen 0.16/turn

%: no passive effects
@: about to teleport, heroic
A: sickness immunity, AC +8, negative energy resistance 1, electricity
resistance, torment resistance 1, petrification resistance
a: Renounce Religion, Heroism, Finesse


You were on level 2 of the Lair of Beasts.
You worshipped Okawaru.
Okawaru was greatly pleased with you.
You visited 3 branches of the dungeon, and saw 13 of its levels.
You also visited: Sewer.

You collected 683 gold pieces.
You spent 216 gold pieces at shops.


Innate Abilities, Weirdness & Mutations

You are immune to sickness and miasma.
Your stone body is resilient. (AC +8)
You are immune to poison.
You resist negative energy. (rN+)
You are resistant to electric shocks. (rElec)
You are resistant to unholy torment.
You are immune to petrification.


   Skills:
 - Level 10.0(15.0) Fighting
 - Level 12.1(17.1) Axes
 + Level 4.1(9.1) Throwing
 - Level 9.0(14.0) Armour
 - Level 2.3(7.3) Dodging
 - Level 6.0(11.0) Shields
 + Level 8.9 Invocations


You had 11 spell levels left.
You didn't know any spells.
Your spell library was empty.

Inventory:

Hand Weapons
 l - a +0 morningstar of pain
 Y - a +2 broad axe of freezing (weapon)
Missiles
 m - 2 boomerangs
 r - a silver javelin (quivered)
Armour
 c - a +0 buckler (worn)
 g - a +1 helmet (worn)
 j - the -1 pair of boots of the Game of Life (worn) {rElec}
   (You found it on level 9 of the Dungeon)

   rElec:     It insulates you from electricity.
 o - a +2 pair of gloves (worn)
 q - a +0 plate armour (worn)
Scrolls
 f - 3 scrolls of identify
 n - 4 scrolls of teleportation
Potions
 a - 2 potions of cancellation
 b - 2 potions of resistance
 d - 3 potions of might
 h - 3 potions of lignification
 i - 4 potions of mutation
 k - 3 potions of curing
 p - a potion of haste
 t - a potion of attraction

Dungeon Overview and Level Annotations

Branches:
Dungeon (10/15)            Temple (1/1) D:4            Lair (2/5) D:10
  Snake (0/4) Lair:2        Sewer (visited)
  Swamp: Lair:2-3    Shoals: Lair:2-3       Orc: D:9-12

Altars:
Ashenzari
Cheibriados
Dithmenos
Elyvilon
Fedhas
Gozag
Hepliaklqana
Kikubaaqudgha
Makhleb
Nemelex Xobeh
Okawaru
Qazlal
Ru
Sif Muna
Trog
Uskayaw
Vehumet
Wu Jian
Xom
Yredelemnul
Zin
The Shining One

Shops:
D:6 !(   D:9 (

Annotations:
D:5 3 runed translucent doors, qw's ghost, novice GrFi
D:6 1 transporter, qw's ghost, novice GrFi
D:10 3 runed translucent doors, Dirihyb's ghost, novice GrFi
Lair:2 Fannar


Message History

The black mamba bites you.
The black mamba bites you but does no damage.
You block the water moccasin's attack. The water moccasin closely misses you.
You block the black mamba's attack.
The black mamba bites you but does no damage.
You slash the water moccasin!
The water moccasin seems to slow down.
You freeze the water moccasin.
You kill the water moccasin!
Okawaru accepts your kill.
You slash the black mamba!
The black mamba seems to slow down.
You freeze the black mamba. You barely miss the black mamba.
You completely miss the black mamba. You completely miss the water moccasin.
You slash the plant! You freeze the plant.
The water moccasin bites you but does no damage.
The water moccasin bites the plant.
The plant is poisoned.
The water moccasin poisons the plant!
The black mamba bites you. The black mamba barely misses you.
You hit the black mamba but do no damage.
The black mamba is heavily wounded.
You hit the plant. You freeze the plant. You closely miss the black mamba.
You completely miss the water moccasin. You closely miss the black mamba.
You hit the water moccasin.
The water moccasin seems to slow down.
You freeze the water moccasin.
A nearby plant withers and dies.
The black mamba barely misses you.
The black mamba bites you but does no damage.
The black mamba barely misses you. You block the water moccasin's attack.
The water moccasin bites you but does no damage.
You barely miss the black mamba.
The black mamba is heavily wounded.
You hit the black mamba but do no damage.
You closely miss the water moccasin. You barely miss the water moccasin.
You hit the black mamba.
The black mamba seems to slow down.
You freeze the black mamba. You closely miss the water moccasin.
You block the black mamba's attack. The black mamba completely misses you.
The water moccasin bites you but does no damage.
The black mamba bites you but does no damage.
The water moccasin barely misses you. The water moccasin closely misses you.
The black mamba bites you but does no damage.
The black mamba bites you!
You die...

#... ...## #
P...# .# ..P#
.P#
#..###P.##
#P.#.....#
#.S....###
#S@S.....#
#.SSS>.P...
.....S...#...
..P..#P..##.#
P #######...
# #...# #..P#
...#.


You could see 3 black mambas and 4 water moccasins.

Vanquished Creatures
  Erolcha (D:10)
  A catoblepas (Lair:1)
  4 two-headed ogres (D:10)
  A death yak (D:10)
  A skyshark (Lair:2)
  2 cyclopes (D:10)
  2 cane toads
  A torpor snail (Lair:1)
  A rime drake (Lair:1)
  Maggie (D:9)
  2 komodo dragons
  A polar bear (Lair:1)
  A troll (D:10)
  Prince Ribbit (D:6)
  A shadow (D:9)
  3 wraiths
  27 yaks
  3 wyverns
  2 basilisks
  3 steam dragons
  Menkaure (D:6)
  Edmund (D:6)
  7 water moccasins
  Duvessa (D:5)
  An orc warrior (D:9)
  3 ice beasts
  3 sky beasts (D:8)
  3 black bears
  A phantom (D:5)
  4 centaurs
  A scorpion (D:5)
  4 bullfrogs
  4 wights (D:7)
  Dowan (D:5)
  15 killer bees
  A howler monkey (D:9)
  6 electric eels
  A jelly (D:7)
  A gnoll bouda (D:8)
  A hound (D:5)
  3 sleepcaps
  4 orc priests
  Jessica (D:2)
  5 iguanas
  5 orc wizards
  15 adders
  9 gnolls
  A river rat (Sewer)
  A shadow imp (D:6)
  4 white imps
  3 ufetubi
  2 worms
  4 dart slugs
  18 orcs
  3 endoplasms
  7 giant cockroaches
  4 goblins
  9 hobgoblins
  4 jackals (D:1)
  2 kobolds (D:3)
  3 quokkas
  14 ball pythons
  9 bats
  9 frilled lizards
  7 rats
265 creatures vanquished.

Notes
Turn   | Place    | Note
-------+----------+-------------------------------------------
     0 | D:1      | qw the Gargoyle Fighter began the quest for the Orb.
     0 | D:1      | Reached XP level 1. HP: 14/14 MP: 1/1
     0 | D:1      | 0 ||| qw: Version: 0.2-a-102-gdf20003
     0 | D:1      | 0 ||| qw: Game counter: 842
     0 | D:1      | 0 ||| qw: Always use a shield: true
     0 | D:1      | 0 ||| qw: God list: Okawaru
     0 | D:1      | 0 ||| qw: Allow faded altars: false
     0 | D:1      | 0 ||| qw: Do Orc after D:15 true
     0 | D:1      | 0 ||| qw: Do second Lair branch before Depths: true
     0 | D:1      | 0 ||| qw: Lair rune preference: random
     0 | D:1      | 0 ||| qw: Plans: Normal, Zot:1-4, Slime:5, God:TSO, Crypt,
                  | Tomb, Pan, Hells, Abyss, Win
     0 | D:1      | 0 ||| PLANNING D:1-11
    31 | D:1      | Reached skill level 2 in Axes
   165 | D:1      | Reached XP level 2. HP: 16/19 MP: 2/2
   283 | D:1      | 283 ||| Stepping ~*~*~tactically~*~*~ (stealth).
   437 | D:1      | 437 ||| Stepping ~*~*~tactically~*~*~ (stealth).
   444 | D:1      | 444 ||| FLEEEEING.
   608 | D:1      | Reached skill level 3 in Axes
   615 | D:1      | Reached XP level 3. HP: 18/23 MP: 3/3
   740 | D:1      | 740 ||| UPGRADING to +0 helmet.
   745 | D:1      | 745 ||| READING scroll labelled TAARAD IFAMOO.
   746 | D:1      | 746 ||| READING scroll labelled LUEFEI ORHYNOE.
   763 | D:1      | 763 ||| READING scroll labelled YFRADO OFEQOI.
   764 | D:1      | 764 ||| READING 2 scrolls labelled DAMAGG DYNEUZ.
   765 | D:1      | 765 ||| READING scroll of enchant armour.
   765 | D:1      | 765 ||| ENCHANTING +0 helmet.
   766 | D:1      | 766 ||| READING scroll labelled HIATIKHLIYSM.
   871 | D:2      | Noticed Jessica
   872 | D:2      | 872 ||| Stepping ~*~*~tactically~*~*~ (hiding).
   877 | D:2      | Killed Jessica
   902 | D:2      | Reached XP level 4. HP: 28/28 MP: 4/4
  1307 | D:2      | 1307 ||| Stepping ~*~*~tactically~*~*~ (stealth).
  1327 | D:2      | 1327 ||| Stepping ~*~*~tactically~*~*~ (stealth).
  1336 | D:2      | Reached skill level 4 in Axes
  1535 | D:2      | 1535 ||| Stepping ~*~*~tactically~*~*~ (stealth).
  1766 | D:2      | 1766 ||| READING 2 scrolls labelled ZEGOTH REIRUTITH.
  1797 | D:3      | 1797 ||| STAIRDANCE
  1820 | D:3      | 1820 ||| DROPPING +0 club.
  1915 | D:3      | Reached XP level 5. HP: 32/32 MP: 5/5
  2126 | D:3      | 2126 ||| SWAPPING to +0 broad axe.
  2127 | D:3      | 2127 ||| DROPPING +0 war axe.
  2148 | D:3      | Found a faded altar of an unknown god.
  2271 | D:3      | 2271 ||| UPGRADING to +0 chain mail.
  2281 | D:3      | 2281 ||| DROPPING +0 scale mail.
  2282 | D:3      | 2282 ||| DRINKING 2 viscous emerald potions.
  2283 | D:3      | 2283 ||| DRINKING 2 metallic blue potions.
  2284 | D:3      | 2284 ||| READING 2 scrolls of identify.
  2284 | D:3      | 2284 ||| IDENTIFYING green potion
  2285 | D:3      | 2285 ||| DROPPING potion of degeneration.
  2290 | D:4      | 2290 ||| PLANNING SEWER
  2310 | D:4      | Found a shadowy altar of Dithmenos.
  2323 | D:4      | Identified the +1 robe of the Armadillo {Str+4 SInv}
  2347 | D:4      | Found a staircase to the Ecumenical Temple.
  2349 | D:4      | Found a glowing drain.
  2350 | D:4      | 2350 ||| DRINKING 3 murky grey potions.
  2363 | D:4      | Reached skill level 5 in Axes
  2416 | Sewer    | Entered a sewer
  2538 | Sewer    | 2538 ||| Stepping ~*~*~tactically~*~*~ (water).
  2736 | Sewer    | Reached XP level 6. HP: 38/38 MP: 6/6
  2766 | Sewer    | 2766 ||| READING scroll labelled VEOCZO JUAVOI.
  2767 | Sewer    | 2767 ||| DRINKING 3 lumpy purple potions.
  2768 | Sewer    | 2768 ||| READING 2 scrolls of identify.
  2768 | Sewer    | 2768 ||| IDENTIFYING fizzy orange potion
  2769 | Sewer    | 2769 ||| DROPPING 2 potions of flight.
  2806 | D:4      | 2806 ||| PLANNING TEMPLE
  2830 | Temple   | Entered the Ecumenical Temple
  2841 | Temple   | 2841 ||| PLANNING D:1-11
  3005 | D:4      | Found a snail-covered altar of Cheibriados.
  3037 | D:4      | Found a hazy altar of Hepliaklqana.
  3204 | D:4      | Noticed a black bear
  3217 | D:4      | Killed a black bear
  3559 | D:4      | 3559 ||| READING scroll labelled JITOAT NYM.
  3560 | D:4      | 3560 ||| READING scroll labelled PARE NODAUFANK.
  3561 | D:4      | 3561 ||| DRINKING 2 smoky sapphire potions.
  3586 | D:5      | Entered Level 5 of the Dungeon
  3615 | D:5      | Reached skill level 6 in Axes
  3707 | D:5      | Noticed a black bear
  3718 | D:5      | Killed a black bear
  3719 | D:5      | Reached XP level 7. HP: 39/43 MP: 7/7
  3847 | D:5      | 3847 ||| DROPPING +0 whip.
  3993 | D:5      | Found a runed translucent gate.
  3995 | D:5      | Found a runed translucent gate.
  3996 | D:5      | Found a runed translucent gate.
  3997 | D:5      | Noticed qw's ghost (novice GrFi)
  4007 | D:5      | 4007 ||| Stepping ~*~*~tactically~*~*~ (hiding).
  4008 | D:5      | 4008 ||| Stepping ~*~*~tactically~*~*~ (hiding).
  4015 | D:5      | Reached skill level 1 in Dodging
  4126 | D:5      | Reached skill level 7 in Axes
  4129 | D:5      | Noticed Duvessa
  4138 | D:5      | Killed Duvessa
  4149 | D:5      | Noticed Dowan
  4150 | D:5      | 4150 ||| Stepping ~*~*~tactically~*~*~ (stealth).
  4154 | D:5      | 4154 ||| Stepping ~*~*~tactically~*~*~ (stealth).
  4159 | D:5      | 4159 ||| Stepping ~*~*~tactically~*~*~ (stealth).
  4186 | D:5      | 4186 ||| Stepping ~*~*~tactically~*~*~ (stealth).
  4187 | D:5      | 4187 ||| Stepping ~*~*~tactically~*~*~ (stealth).
  4196 | D:5      | 4196 ||| Stepping ~*~*~tactically~*~*~ (stealth).
  4211 | D:5      | Killed Dowan
  4298 | D:5      | Noticed a yak
  4322 | D:5      | 4322 ||| Stepping ~*~*~tactically~*~*~ (hiding).
  4339 | D:5      | Reached XP level 8. HP: 34/49 MP: 8/8
  4344 | D:5      | 4344 ||| FLEEEEING.
  4405 | D:5      | 4405 ||| Stepping ~*~*~tactically~*~*~ (hiding).
  4471 | D:5      | 4471 ||| DROPPING +0 flail.
  4593 | D:5      | 4593 ||| DRINKING 3 lumpy golden potions.
  4594 | D:5      | 4594 ||| READING 2 scrolls of identify.
  4594 | D:5      | 4594 ||| IDENTIFYING fizzy cyan potion
  4595 | D:5      | 4595 ||| DROPPING 2 potions of magic.
  4673 | D:6      | 4673 ||| Stepping ~*~*~tactically~*~*~ (stealth).
  4675 | D:6      | 4675 ||| Stepping ~*~*~tactically~*~*~ (hiding).
  4676 | D:6      | 4676 ||| Stepping ~*~*~tactically~*~*~ (hiding).
  4677 | D:6      | 4677 ||| Stepping ~*~*~tactically~*~*~ (hiding).
  4686 | D:6      | 4686 ||| Stepping ~*~*~tactically~*~*~ (stealth).
  4690 | D:6      | 4690 ||| Stepping ~*~*~tactically~*~*~ (stealth).
  4712 | D:6      | 4712 ||| Stepping ~*~*~tactically~*~*~ (hiding).
  4721 | D:6      | Reached skill level 8 in Axes
  4730 | D:6      | 4730 ||| Stepping ~*~*~tactically~*~*~ (stealth).
  4735 | D:6      | 4735 ||| Stepping ~*~*~tactically~*~*~ (stealth).
  4747 | D:6      | 4747 ||| Stepping ~*~*~tactically~*~*~ (stealth).
  4763 | D:6      | Reached skill level 6 in Fighting
  4763 | D:6      | 4763 ||| Stepping ~*~*~tactically~*~*~ (stealth).
  4834 | D:6      | 4834 ||| FLEEEEING.
  4838 | D:6      | Noticed Edmund
  4859 | D:6      | Killed Edmund
  5009 | D:6      | Noticed a queen bee
  5013 | D:6      | Noticed a hornet
  5014 | D:6      | Noticed qw's ghost (novice GrFi)
  5037 | D:6      | 5037 ||| Stepping ~*~*~tactically~*~*~ (hiding).
  5038 | D:6      | 5038 ||| Stepping ~*~*~tactically~*~*~ (hiding).
  5145 | D:6      | Found Tomoenich's Distillery.
  5155 | D:6      | 5155 ||| BUYING potion of haste (120 gold).
  5155 | D:6      | Bought a potion of haste for 120 gold pieces
  5155 | D:6      | 5155 ||| BUYING potion of heal wounds (60 gold).
  5155 | D:6      | Bought a potion of heal wounds for 60 gold pieces
  5155 | D:6      | 5155 ||| BUYING potion of lignification (36 gold).
  5155 | D:6      | Bought a potion of lignification for 36 gold pieces
  5192 | D:6      | Found a transporter.
  5228 | D:6      | Found Buekh's Weapon Shoppe.
  5230 | D:6      | Noticed Menkaure
  5231 | D:6      | 5231 ||| Stepping ~*~*~tactically~*~*~ (hiding).
  5233 | D:6      | 5233 ||| Stepping ~*~*~tactically~*~*~ (hiding).
  5235 | D:6      | 5235 ||| Stepping ~*~*~tactically~*~*~ (hiding).
  5245 | D:6      | Killed Menkaure
  5274 | D:6      | 5274 ||| FLEEEEING.
  5379 | D:6      | Reached XP level 9. HP: 50/55 MP: 9/9
  5416 | D:6      | Reached skill level 9 in Axes
  5546 | D:6      | Noticed Prince Ribbit
  5560 | D:6      | Killed Prince Ribbit
  5750 | D:6      | Found a bloodstained altar of Trog.
  5750 | D:6      | Found an iron altar of Okawaru.
  5751 | D:6      | 5751 ||| PLANNING OKAWARU WORSHIP
  5751 | D:6      | 5751 ||| READING scroll labelled IBBONI OSEUJA.
  5759 | D:6      | Became a worshipper of Warmaster Okawaru
  5759 | D:6      | 5759 ||| PLANNING D:1-11
  6320 | D:7      | 6320 ||| Stepping ~*~*~tactically~*~*~ (cloud).
  6321 | D:7      | 6321 ||| Stepping ~*~*~tactically~*~*~ (cloud).
  6866 | D:7      | 6866 ||| READING scroll of enchant weapon.
  6866 | D:7      | 6866 ||| ENCHANTING +1 broad axe of freezing.
  7125 | D:7      | 7125 ||| UPGRADING to +0 pair of gloves.
  7130 | D:7      | 7130 ||| UPGRADING to +0 plate armour.
  7140 | D:7      | 7140 ||| DROPPING +0 chain mail.
  7199 | D:8      | Reached * piety under Okawaru
  7230 | D:8      | 7230 ||| Stepping ~*~*~tactically~*~*~ (cloud).
  7231 | D:8      | 7231 ||| Stepping ~*~*~tactically~*~*~ (hiding).
  7233 | D:8      | 7233 ||| INVOKING Heroism.
  7241 | D:8      | 7241 ||| Stepping ~*~*~tactically~*~*~ (stealth).
  7249 | D:8      | Reached skill level 1 in Invocations
  7253 | D:8      | Reached skill level 6 in Armour
  7253 | D:8      | Reached XP level 10. HP: 52/63 MP: 9/11
  7256 | D:8      | Reached skill level 3 in Invocations
  7259 | D:8      | 7259 ||| INVOKING Heroism.
  7264 | D:8      | Reached skill level 10 in Axes
  7421 | D:8      | 7421 ||| INVOKING Heroism.
  7710 | D:8      | 7710 ||| INVOKING Heroism.
  8020 | D:8      | 8020 ||| READING scroll labelled YTTARAID ARU.
  8021 | D:8      | 8021 ||| DRINKING 2 red potions.
  8022 | D:8      | 8022 ||| DROPPING potion of brilliance.
  8026 | D:9      | 8026 ||| INVOKING Heroism.
  8047 | D:9      | Noticed Maggie
  8048 | D:9      | 8048 ||| Stepping ~*~*~tactically~*~*~ (hiding).
  8060 | D:9      | Killed Maggie
  8061 | D:9      | 8061 ||| Stepping ~*~*~tactically~*~*~ (hiding).
  8077 | D:9      | Reached ** piety under Okawaru
  8116 | D:9      | Identified the -1 pair of boots of the Game of Life {rElec}
  8126 | D:9      | 8126 ||| DROPPING +2 antimagic flail.
  8165 | D:9      | 8165 ||| Stepping ~*~*~tactically~*~*~ (stealth).
  8167 | D:9      | 8167 ||| Stepping ~*~*~tactically~*~*~ (hiding).
  8209 | D:9      | 8209 ||| READING scroll of enchant armour.
  8209 | D:9      | 8209 ||| ENCHANTING +0 pair of gloves.
  8272 | D:9      | Found Gummic's Weapon Boutique.
  8650 | D:9      | 8650 ||| INVOKING Heroism.
  8659 | D:9      | Reached skill level 11 in Axes
  8799 | D:9      | 8799 ||| UPGRADING to -1 pair of boots of the Game of Life
                  | {rElec}.
  8845 | D:10     | Entered Level 10 of the Dungeon
  8847 | D:10     | 8847 ||| STAIRDANCE
  8850 | D:9      | 8850 ||| INVOKING Heroism.
  8854 | D:9      | Reached XP level 11. HP: 25/69 MP: 11/14
  8855 | D:9      | HP: 17/69 [yak (9)]
  8856 | D:9      | 8856 ||| READING 5 scrolls of teleportation.
  8857 | D:9      | 8857 ||| DRINKING 2 potions of heal wounds.
  8978 | D:10     | Reached *** piety under Okawaru
  8979 | D:10     | Reached skill level 9 in Fighting
  9128 | D:10     | 9128 ||| Stepping ~*~*~tactically~*~*~ (hiding).
  9245 | D:10     | Noticed a two-headed ogre
  9246 | D:10     | 9246 ||| INVOKING Heroism.
  9251 | D:10     | Killed a two-headed ogre
  9320 | D:10     | Noticed a cyclops
  9321 | D:10     | 9321 ||| INVOKING Heroism.
  9329 | D:10     | Killed a cyclops
  9339 | D:10     | Noticed Erolcha
  9341 | D:10     | 9341 ||| INVOKING Heroism.
  9343 | D:10     | Noticed a two-headed ogre
  9345 | D:10     | Killed Erolcha
  9345 | D:10     | Reached **** piety under Okawaru
  9346 | D:10     | Reached skill level 12 in Axes
  9348 | D:10     | Noticed a two-headed ogre
  9355 | D:10     | Killed a two-headed ogre
  9355 | D:10     | Received a gift from Okawaru
  9359 | D:10     | Killed a two-headed ogre
  9522 | D:10     | Noticed a cyclops
  9523 | D:10     | 9523 ||| INVOKING Heroism.
  9532 | D:10     | Killed a cyclops
  9598 | D:10     | 9598 ||| INVOKING Heroism.
  9637 | D:10     | Found an ancient bone altar of Kikubaaqudgha.
  9638 | D:10     | Found a blossoming altar of Fedhas.
  9745 | D:10     | Found a staircase to the Lair.
  9746 | D:10     | Noticed a death yak
  9746 | D:10     | 9746 ||| Stepping ~*~*~tactically~*~*~ (stealth).
  9748 | D:10     | 9748 ||| INVOKING Heroism.
  9761 | D:10     | 9761 ||| INVOKING Heroism.
  9763 | D:10     | Killed a death yak
  9764 | D:10     | Reached skill level 3 in Throwing
  9903 | D:10     | Noticed a two-headed ogre
  9904 | D:10     | 9904 ||| INVOKING Heroism.
  9909 | D:10     | Killed a two-headed ogre
  9910 | D:10     | Reached skill level 9 in Armour
  9910 | D:10     | Reached skill level 6 in Invocations
 10215 | D:10     | Found a runed translucent gate.
 10215 | D:10     | Found a runed translucent gate.
 10218 | D:10     | Found a runed translucent gate.
 10218 | D:10     | Noticed Dirihyb's ghost (novice GrFi)
 10270 | D:10     | 10270 ||| PLANNING LAIR
 10270 | D:10     | 10270 ||| DROPPING +1 pair of gloves.
 10271 | D:10     | 10271 ||| READING 3 scrolls labelled ROPSYH HUJUIS.
 10272 | D:10     | 10272 ||| READING scroll labelled TECEUDENTUC.
 10273 | D:10     | 10273 ||| DROPPING 2 scrolls of poison.
 10330 | Lair:1   | Entered Level 1 of the Lair of Beasts
 10354 | Lair:1   | 10354 ||| FLEEEEING.
 10355 | Lair:1   | 10355 ||| FLEEEEING.
 10356 | Lair:1   | 10356 ||| STAIRDANCE
 10565 | Lair:1   | 10565 ||| INVOKING Heroism.
 10571 | Lair:1   | Reached XP level 12. HP: 75/76 MP: 13/16
 10573 | Lair:1   | Noticed a catoblepas
 10576 | Lair:1   | 10576 ||| Stepping ~*~*~tactically~*~*~ (hiding).
 10577 | Lair:1   | 10577 ||| Stepping ~*~*~tactically~*~*~ (hiding).
 10579 | Lair:1   | 10579 ||| Stepping ~*~*~tactically~*~*~ (hiding).
 10588 | Lair:1   | 10588 ||| INVOKING Heroism.
 10590 | Lair:1   | Killed a catoblepas
 10606 | Lair:1   | 10606 ||| FLEEEEING.
 10607 | Lair:1   | 10607 ||| STAIRDANCE
 10836 | Lair:1   | 10836 ||| STAIRDANCE
 10838 | D:10     | 10838 ||| INVOKING Heroism.
 11066 | Lair:1   | 11066 ||| FLEEEEING.
 11067 | Lair:1   | 11067 ||| FLEEEEING.
 11068 | Lair:1   | 11068 ||| FLEEEEING.
 11069 | Lair:1   | 11069 ||| FLEEEEING.
 11070 | Lair:1   | 11070 ||| FLEEEEING.
 11073 | Lair:1   | 11073 ||| INVOKING Heroism.
 11222 | Lair:1   | 11222 ||| INVOKING Heroism.
 11309 | Lair:1   | Reached skill level 6 in Shields
 11332 | Lair:1   | 11332 ||| Stepping ~*~*~tactically~*~*~ (stealth).
 11335 | Lair:1   | 11335 ||| Stepping ~*~*~tactically~*~*~ (stealth).
 11419 | Lair:1   | 11419 ||| READING scroll of enchant armour.
 11419 | Lair:1   | 11419 ||| ENCHANTING +1 pair of gloves.
 11638 | Lair:1   | 11638 ||| INVOKING Heroism.
 11714 | Lair:1   | 11714 ||| READING 2 scrolls labelled BEAPLATWAK.
 11715 | Lair:1   | 11715 ||| DRINKING 2 yellow potions.
 11716 | Lair:1   | 11716 ||| DROPPING scroll of magic mapping.
 11762 | Lair:2   | 11762 ||| Stepping ~*~*~tactically~*~*~ (hiding).
 11765 | Lair:2   | 11765 ||| INVOKING Heroism.
 11768 | Lair:2   | 11768 ||| Stepping ~*~*~tactically~*~*~ (cloud).
 11857 | Lair:2   | Noticed Fannar
 11858 | Lair:2   | Noticed a skyshark
 11868 | Lair:2   | Killed a skyshark
 11868 | Lair:2   | Received a gift from Okawaru
 11872 | Lair:2   | 11872 ||| INVOKING Heroism.
 11874 | Lair:2   | HP: 13/77 [Fannar/bolt of cold (38)]
 11875 | Lair:2   | 11875 ||| READING 6 scrolls of teleportation.
 11875 | Lair:2   | HP: 3/77 [Fannar/staff of cold (10)]
 11876 | Lair:2   | 11876 ||| DRINKING potion of heal wounds.
 11879 | Lair:2   | Found a staircase to the Snake Pit.
 11881 | Lair:2   | HP: 14/77 [black mamba (10)]
 11882 | Lair:2   | 11882 ||| READING 5 scrolls of teleportation.
 11886 | Lair:2   | Slain by a black mamba

Levels and vault maps discovered:
D:1:      mrwooster_arrival_statue_3, layout_loops_cross
D:2:      layout_basic, uniq_jessica
D:3:      layout_rooms, shapermc_ecumenical_altar_mp_ritualfount
D:4:      layout_loops_cross, mainiacjoe_overflow_24_doors,
          mainiacjoe_overflow_two_lobes, minmay_temple_entry_trees,
          gup_sewer_entry_glass, minmay_misc_feat_room
D:5:      layout_loops_ring, gammafunk_ghost_split, uniq_duvessa
D:6:      layout_loops_ring, grunt_temple_overflow_bloody_war, serial_shops,
          nicolae_shop_industrial_runoff, shop, gammafunk_ghost_hive,
          chequers_big_river, uniq_edmund, uniq_menkaure, uniq_prince_ribbit1
D:7:      layout_basic
D:8:      layout_gridville
D:9:      layout_loops_ring, serial_shops, nicolae_shop_bloodbath_and_beyond,
          uniq_maggie
D:10:     layout_roguey, grunt_temple_overflow_growth_and_decay,
          david_lair_generic, biasface_ghost_orc_armoury,
          hellmonk_guarded_unrand_dark_maul, uniq_erolcha
Temple:   minmay_freezing_vapour_temple
Lair:1:   layout_cave_shapes, minivault_19, minmay_hedge_maze, disabler_island
Lair:2:   layout_cave_pods, minmay_snake_entry_six_corridors,
          infiniplex_staircase_pool, uniq_fannar

Skill      XL: |  1  2  3  4  5  6  7  8  9 10 11 12 |
---------------+-------------------------------------+-----
Axes           | 2 3 4 5 6 7 8 9 11 12 | 12.1
Fighting       | 4 5 6 7 8 9 10 | 10.0
Dodging        | 1 2 |  2.3
Armour         | 4 6 8 9 |  9.0
Throwing       | 2 3 4 |  4.1
Shields        | 4 5 6 |  6.0
Invocations    | 2 4 6 8 |  8.9

Action                     |  1- 3 |  4- 6 |  7- 9 | 10-12 || total
---------------------------+-------+-------+-------+-------++-------
  Melee: War axe           |    66 |   105 |       |       ||   171
         Broad axe         |       |   163 |   263 |   346 ||   772
  Throw: Boomerang         |       |       |    20 |    26 ||    46
         Javelin           |       |       |       |    10 ||    10
 Invoke: Heroism           |       |       |     1 |    22 ||    23
    Use: Scroll            |     6 |     6 |     3 |     9 ||    24
         Potion            |       |     5 |     1 |     4 ||    10
   Stab: Petrified         |       |       |       |     3 ||     3
 Armour: Scale mail        |    30 |    90 |       |       ||   120
         Chain mail        |       |   149 |   177 |       ||   326
         Plate armour      |       |       |    14 |   275 ||   289
  Dodge: Dodged            |    42 |   126 |    87 |   135 ||   390
  Block: Buckler           |    12 |    69 |    42 |    98 ||   221

Table legend:
 A = Non-vault XP
 B = Vault XP
 C = Vault XP percentage of total XP
 D = Non-vault monster count
 E = Vault monster count
 F = Vault count percentage of total count
                 A         B        C        D         E       F
            +---------+---------+-------+---------+---------+-------
      Total |   19198 |    6917 |  26.5 |     218 |      47 |  17.7
            +---------+---------+-------+---------+---------+-------
        D:1 |      38 |       0 |   0.0 |      23 |       0 |   0.0
        D:2 |      66 |      37 |  35.9 |      24 |       1 |   4.0
        D:3 |      58 |       0 |   0.0 |      19 |       0 |   0.0
        D:4 |     149 |      32 |  17.7 |       5 |       5 |  50.0
        D:5 |     668 |     214 |  24.3 |      21 |       2 |   8.7
        D:6 |     859 |     619 |  41.9 |      19 |       4 |  17.4
        D:7 |    1021 |       0 |   0.0 |      13 |       0 |   0.0
        D:8 |    2778 |       0 |   0.0 |      29 |       0 |   0.0
        D:9 |    2699 |     376 |  12.2 |      24 |       1 |   4.0
       D:10 |    3518 |    4965 |  58.5 |      13 |       9 |  40.9
     Lair:1 |    4569 |     420 |   8.4 |      17 |       5 |  22.7
     Lair:2 |    2775 |     159 |   5.4 |      11 |       1 |   8.3
      Sewer |       0 |      95 | 100.0 |       0 |      19 | 100.0
            +---------+---------+-------+---------+---------+-------
